 Dungeon Crawl Stone Soup version 0.30.1-11-g7821555f0a (webtiles) character file.

Game seed: 3387218061561705885

55 RancidPinata the Sneak (level 3, -2/26 HPs)
             Began as an Octopode Delver on Dec 31, 2023.
             Was an Initiate of Gozag.
             Splashed by a jelly's acid (6 damage)
             ... on level 5 of the Dungeon.
             The game lasted 00:11:27 (1271 turns).

RancidPinata the Sneak (Octopode Delver)            Turns: 1271, Time: 00:11:30

Health: -2/26      AC: -3    Str: 11    XL:     3   Next: 93%
Magic:  3/3        EV: 14    Int: 12    God:    Gozag
Gold:   39         SH:  0    Dex: 15    Spells: 2/2 levels left

rFire   . . .        h - +4 trident
rCold   . . .        (no shield)
rNeg    . . .        (helmet restricted)
rPois   +            (no amulet)
rElec   .            i - ring of flight
rCorr   .            k - ring of poison resistance
SInv    .            (no ring)
Will    .....        (no ring)
Stlth   ++++         (no ring)
HPRegen 0.24/turn    (no ring)
MPRegen 0.08/turn    (no ring)
                     (no ring)

%: no passive effects
@: corroded, gold aura, flying
A: almost no armour, amphibious, 8 rings, camouflage 1, gelatinous body 1,
(nimble swimmer 1), tentacles
a: Renounce Religion, Potion Petition, Call Merchant, Bribe Branch


You were on level 5 of the Dungeon.
You worshipped Gozag.
Gozag was noncommittal.
You visited 2 branches of the dungeon, and saw 5 of its levels.

You collected 77 gold pieces.
You paid 38 gold pieces to Gozag.

Inventory:

Hand Weapons
 d - a +0 rapier
 h - a +4 trident (weapon)
Jewellery
 i - a ring of flight (left tentacle)
 k - a ring of poison resistance (right tentacle)
Wands
 f - a wand of digging (3)
Scrolls
 b - a scroll of fog
 c - a scroll of magic mapping
Potions
 e - 2 potions of haste
 g - a potion of curing {unknown}
 j - a potion of degeneration {unknown}


   Skills:
 * Level 3.4 Fighting
 + Level 2.5 Short Blades
 + Level 0.3 Polearms
 * Level 2.7 Dodging
 + Level 7.0 Stealth


You had 2 spell levels left.
You didn't know any spells.
Your spell library contained the following spells:

 Spells                   Type           Power      Damage    Failure   Level
 Cigotuvi's Dreadful Rot  Necr/Pois/Air  0%         N/A       45%         2
 Ignite Poison            Fire/Tmut/Pois 0%         N/A       69%         3
 Freezing Cloud           Conj/Ice/Air   0%         6-21      100%        5


Dungeon Overview and Level Annotations

Branches:
Dungeon (8/15)             Temple (1/1) D:5
   Lair: D:8-11

Altars:
Ashenzari
Cheibriados
Dithmenos
Fedhas
Gozag
Hepliaklqana
Kikubaaqudgha
Makhleb
Nemelex Xobeh
Ru
Sif Muna
Uskayaw
Wu Jian
Yredelemnul
Zin
The Shining One


Innate Abilities, Weirdness & Mutations

You cannot wear most types of armour.
You are amphibious.
You can wear up to eight rings at the same time.
Your skin changes colour to match your surroundings (Stealth+).
Your rubbery body absorbs attacks. (AC +1, EV +1)
((You are camouflaged when in or above water. (Stealth+)))
You have tentacles for arms and can constrict up to eight enemies at once.


Message History

Unknown command.
Found a lumpy orange potion.
A hound comes into view.
The hound barks!
h - a +4 trident (weapon)
A jelly comes into view.
Reach: h) +4 trident
Press: ? - help, Dir - move target, f - hound
Aim: a hound (about 47% to evade your +4 trident)
You reach to attack!
You hit the hound.
The hound is moderately wounded.
The hound bites you.
You hit the hound. Your grab misses the hound.
The hound is heavily wounded.
The hound bites you but does no damage. The hound bites you.
You miss the hound. You grab the hound.
The hound is heavily wounded.
You constrict the hound. The hound completely misses you. The hound bites you.
You puncture the hound!
You kill the hound!
Your Stealth skill increases to level 7!
Reach: h) +4 trident
Press: ? - help, Dir - move target, f - jelly
Aim: a jelly (about 10% to evade your +4 trident)
You reach to attack!
You hit the jelly but do no damage. The jelly attacks as you move away!
The jelly misses you.
You hit the jelly.
Your tentacles burn!
The jelly is lightly wounded.
The jelly closely misses you. The jelly hits you. The acid corrodes you!
You are splashed with acid!
The jelly attacks as you move away! The jelly completely misses you.
You puncture the jelly!
Your tentacles burn!
* * * LOW HITPOINT WARNING * * *
You squeeze the jelly.
The jelly is almost dead.
The jelly hits you.
* * * LOW HITPOINT WARNING * * *
You are splashed with acid.
You die...
Your body crumbles into a pile of gold.

#. #..# ...
#...
#.##..###...
...#
#......... .
#......[# #
#..?$...#####
#.......(....
#.......####
. #...J..!# #
#...@...#
####.#### .#
# #.# #.#.#
###.# #.#.#
#...# ##....
#.### #.....
#.# #.....
#.# ####.....
#.# #.)......


You could see a jelly.

Vanquished Creatures
  A hound (D:5)
  An adder (D:5)
  A shadow imp (D:7)
  A white imp (D:7)
  An orc (D:7)
5 creatures vanquished.

Notes
Turn   | Place    | Note
-------+----------+-------------------------------------------
     0 | D:5      | RancidPinata the Octopode Delver began the quest for the
                  | Orb.
     0 | D:5      | Reached XP level 1. HP: 16/16 MP: 1/1
    81 | D:6      | Noticed a centaur
   247 | D:6      | Noticed an orc wizard
   300 | D:7      | Found a shimmering blue altar of Sif Muna.
   312 | D:7      | Reached XP level 2. HP: 12/21 MP: 2/2
   381 | D:8      | Noticed a gnoll sergeant
   443 | D:7      | Found a broken altar of Ashenzari.
   490 | D:7      | Noticed a bullfrog
   512 | D:7      | Noticed a gnoll sergeant
   570 | D:7      | Found a hazy altar of Hepliaklqana.
   793 | Temple   | Entered the Ecumenical Temple
  1146 | Temple   | Became a worshipper of Gozag Ym Sagoz the Greedy
  1207 | D:5      | Reached XP level 3. HP: 24/26 MP: 3/3
  1266 | D:5      | Reached skill level 7 in Stealth
  1271 | D:5      | Splashed by a jelly's acid

Illustrated notes

Levels and vault maps discovered:
D:5:      layout_loops_ring, minmay_temple_entry_wispy
D:6:      layout_loops_corners, nicolae_figureground_sparkle
D:7:      layout_rooms, cheibrodos_ashenzari_chains, old_standard_altar,
          nicolae_hepliaklqana_hazy_memory, mainiacjoe_overflow_cross_hatched,
          serial_corexii_hall, corexii_hall_statues_s, chequers_hall_statues_y
D:8:      layout_basic, mainiacjoe_overflow_chevrons, xom_confusion_cloud,
          hellmonk_ghost_big_iron
Temple:   oiseaux_autumnal_temple

Skill      XL: |  1  2  3 |
---------------+----------+-----
Stealth        | 7 |  7.0
Fighting       | |  3.4
Short Blades   | |  2.5
Polearms       | |  0.3
Dodging        | |  2.7

Action                     || total
---------------------------++-------
  Melee: Trident           ||    17
         Short sword       ||     1
         Constrict         ||     2
         Tentacles         ||     2
    Use: Scroll            ||     1
   Stab: Sleeping          ||     3
 Armour: Skin              ||     3
  Dodge: Dodged            ||     9
